Thistle, neutral female sylph Wizard -------- |....... --- ------------ --- |....<.| |. .......... .| #.......| |.------------.....------------.| #|......| |.|[]!|...|..|........|(](|...|.| #.......| |.|?%?|...|..|.....|..|(((|.%.|.| ###---.-.-- ..|(%?|...|..|.....|..|...|...|.|# # # |.|..=|...||--.....----|---|---.|### |.-|---|---...................[.|# |.............{..[)..{..........|# |.-%---|---....---|--............# |.|&@(|...|---*|...[|.-----|---.|# |.|)(@|...|..|.|....|.+ |....|.. |.|..(|...|....|.._.|.| |..(.|.| |.|(..|...|%.|.|....|.| |....|.| |.------------.------.- ------.| |. .. . .| --- ---- --- --- Thistle the Thaumaturge Experience level: 6 Strength: 8 Dexterity: 11 Constitution: 14 Intelligence: 19 Wisdom: 17 Charisma: 7 Health: 0(48) Energy: 50(73) Def: 1 Gold: 0 Moves: 1648 Dungeon seed: XqRaydcfLzVq1sJ5 Game ID: Thistle_1487333960 Your Inventory: Weapons a - a blessed +1 quarterstaff (weapon in hands) P - a blessed +2 dagger named Orphan Maker (alternate weapon; not wielded) Armor e - an uncursed +0 cloak of magic resistance (being worn) Comestibles l - an uncursed egg v - an uncursed figue B - 3 uncursed food rations I - an uncursed pancake S - an uncursed lichen corpse Wands d - a wand of nothing (0:8) j - a wand of enlightenment (0:13) k - a wand of striking (0:7) G - a wand of lightning (0:4) H - a wand of cancellation (0:5) Tools w - an uncursed magic whistle V - an uncursed oil lamp (lit) (0:1396) Spells and supernatural/magical abilities: Name Level Category Fail Memory a - force bolt 1 attack 0% 92% m - magic missile 2 attack 0% 99% z - sleep 2 enchantment 0% 92% W - pray for help -- divine ? -- Your skills at the end: Miscellaneous Skills wands [Basic] Weapon Skills dagger [Basic] quarterstaff [Basic] Spellcasting Skills attack spells [Basic] enchantment spells [Basic] Final Attributes: You were fervently aligned. You were magic-protected. Your writing hand was cramped from overuse. You saw invisible. You had infravision. You were very stealthy. You were protected from shape changers. You were unlucky. You are dead. Vanquished creatures: a small mimic a watchman a dog 2 dwarf lords a fog cloud a gnome lord 4 elf zombies a kitten 8 dwarves a rothe 2 dwarf zombies a coyote a gas spore a hobbit a yellow mold 12 gnomes 3 jackals a kobold 2 newts 3 goblins a sewer rat 5 grid bugs a lichen 55 creatures vanquished. Voluntary challenges: You followed a strict vegan diet. You did not cause conflict. You were not invisible. You did not have reflection. You were not displaced. You used a wielded weapon 73 times, starting on turn 69. You did not apply a unicorn horn. You did not use plumbed fixtures. You did not drink any magical draughts. You read items or engraved 5 times, starting on turn 224. You never genocided any monsters. You never polymorphed an object. You never changed form. You used no wishes. You never split a pudding. You wrote Elbereth's name 3 times, starting on turn 224. You violated your moral code, losing 5 points of alignment, starting on turn 1588. Dungeon overview: The Dungeons of Doom: levels 1 to 3 Level 1 a fountain a long staircase Level 2 a fountain Level 3 stairs to The Gnomish Mines The Gnomish Mines: levels 4 to 6 Level 4 stairs to The Dungeons of Doom Level 5 Level 6 <- You were here some shops, a temple to Anhur, a magic chest, some fountains History has recorded: On T:1 you entered the Dungeons of Doom to retrieve the Amulet of Yendor! On T:221 you reached level 2 of The Dungeons of Doom. On T:247 you reached level 3 of The Dungeons of Doom. On T:329 you advanced to experience level 2. On T:600 you reached level 1 of The Gnomish Mines. On T:625 you advanced to experience level 3. On T:655 you advanced to experience level 4. On T:713 you prayed to Thoth. On T:896 you reached level 2 of The Gnomish Mines. On T:910 you advanced to experience level 5. On T:1242 you reached level 3 of The Gnomish Mines. On T:1267 you opened a magic chest. On T:1287 you entered the Minetown temple On T:1338 you prayed to Thoth. On T:1419 you advanced to experience level 6. Score breakdown: Gold: 0 ( 0 points) Experience: 6 levels ( 500 points) Exploration: 6 levels ( 150 points) Discoveries: 15 items ( 750 points) Variety of kills: 23 monsters ( 1150 points) Major goal: reached Minetown ( 500 points) Survival: died (score multiplied by 3) Total score: 9150 Latest messages: The magic missile hits Kachzi Rellim! The djinni picks up a towel. Kachzi Rellim zaps a wand of magic missile! The magic missile hits you! Some of the missiles bounce off! The magic missile bounces! (3x) You don't have that object. Never mind. The magic missile misses Kachzi Rellim. The djinni drops a towel. Kachzi Rellim zaps a wand of magic missile! The magic missile hits you! Some of the missiles bounce off! The magic missile bounces! The magic missile hits you! Some of the missiles bounce off! You die... Kachzi Rellim takes all your possessions. Final status: Goodbye Thistle the Wizard, killed by a magic missile... You died in The Gnomish Mines on dungeon level 6 with 9150 points, and 0 pieces of gold, after 1648 moves. You were level 6 with a maximum of 48 hit points when you died.